 Dungeon Crawl Stone Soup version 0.17.1-1-g73c8601 (webtiles) character file.

9034 Holeefuk the Protected (level 11, -7/92 HPs)
             Began as a Hill Orc Fighter on Jan 29, 2016.
             Was a Priest of the Shining One.
             Killed from afar by a lindwurm (13 damage)
             ... with a blast of flame
             ... in a volcano on Feb 6, 2016.
             The game lasted 00:52:20 (8192 turns).

Holeefuk the Protected (Hill Orc Fighter)           Turns: 8192, Time: 00:52:20

Health: -7/92      AC: 18    Str: 28    XL:     11   Next: 40%
Magic:  10/11      EV: 16    Int:  8    God:    the Shining One [***...]
Gold:   254        SH: 10    Dex: 11    Spells: 0 memorised, 10 levels left

rFire  + . .     SeeInvis .     a - +0 war axe
rCold  . . .     Clarity  .     b - +0 scale mail
rNeg   + . .     SustAt   .     c - +0 shield
rPois  .         Gourm    .     H - +0 helmet
rElec  .         Spirit   .     o - +0 cloak
rCorr  .         Warding  .     B - +2 pair of gloves {Dex+3}
rMut   .         Stasis   .     O - +0 pair of boots
MR     .....                    h - amulet of regeneration
Stlth  ..........               L - ring of protection from fire
                                R - +5 ring of evasion

@: mighty, glowing, not resistant to hostile enchantments, extremely unstealthy
A: hooves 1, rugged brown scales 1, clumsy 1, frail 1
a: Divine Shield, Renounce Religion


You were in a volcano.
You worshipped the Shining One.
The Shining One was most pleased with you.
You were not hungry.

You visited 2 branches of the dungeon, and saw 11 of its levels.
You also visited: Volcano.

You collected 611 gold pieces.
You spent 357 gold pieces at shops.

Inventory:

Hand Weapons
 a - a +0 war axe (weapon)
 j - a +3 dagger of flaming
Missiles
 n - 10 stones (quivered)
 C - 2 tomahawks of returning
Armour
 b - a +0 scale mail (worn)
 c - a +0 shield (worn)
 o - a +0 cloak (worn)
 B - a +2 pair of gloves of dexterity (worn)
 H - a +0 helmet (worn)
 O - a +0 pair of boots (worn)
Jewellery
 h - an amulet of regeneration (around neck)
 A - an uncursed ring of sustain attributes
 L - a ring of protection from fire (right hand)
 Q - an uncursed ring of see invisible
 R - a +5 ring of evasion (left hand)
Wands
 p - a wand of draining (6)
 D - a wand of frost (17)
 F - a wand of disintegration (19)
Scrolls
 f - 2 scrolls of random uselessness {unknown}
 g - 4 scrolls of remove curse
 k - 11 scrolls of teleportation
 l - 3 scrolls of recharging {unknown}
 m - 4 scrolls of enchant weapon
 s - a scroll of fog {unknown}
 u - 3 scrolls of identify
 x - 2 scrolls of amnesia {unknown}
 y - 2 scrolls of blinking {unknown}
 z - a scroll of enchant armour {unknown}
 E - a scroll of holy word {unknown}
 G - 2 scrolls of magic mapping
 M - 3 scrolls of fear
Potions
 d - 3 potions of might
 q - 2 potions of cancellation
 P - a potion of brilliance
 S - a potion of magic
Comestibles
 e - 8 bread rations
 r - 5 beef jerkies
 t - a fruit
 v - 6 slices of pizza


   Skills:
 - Level 9.8 Fighting
 + Level 10.9 Axes
 - Level 11.0 Armour
 - Level 7.4 Dodging
 - Level 4.8 Shields


You had 10 spell levels left.
You didn't know any spells.

Dungeon Overview and Level Annotations

Branches:
Dungeon (10/15)            Temple (0/1) D:6            Lair (1/8) D:9
    Orc: D:9-12

Altars:
Ashenzari
Cheibriados
Elyvilon
Gozag
Kikubaaqudgha
Qazlal
Sif Muna
Xom
Zin
The Shining One

Shops:
D:7 ?(   D:9 [%[


Innate Abilities, Weirdness & Mutations

You have large cloven feet.
You are partially covered in rugged brown scales (AC +1, +3% HP).
You are clumsy. (Dex -2)
You are frail (-10% HP).


Message History

The lindwurm is almost dead.
The lindwurm bites you!
* * * LOW HITPOINT WARNING * * *
The lindwurm barely misses you. The lindwurm claws you.
* * * LOW HITPOINT WARNING * * *
Unknown command.
Drink which item? (? for menu, Esc to quit)
You feel better. The lindwurm breathes flames at you.
The blast of flame hits you! You resist.
* * * LOW HITPOINT WARNING * * *
Drink which item? (? for menu, Esc to quit)
You feel very mighty all of a sudden. You block the lindwurm's attack. x2
The lindwurm misses you.
Your shield and scale mail prevent you from hitting the lindwurm.
The lindwurm is almost dead.
The lindwurm breathes flames at you. The blast of flame hits you! You resist.
You die...

≈≈≈§§§§§≈≈≈≈≈≈§≈≈§≈§§≈§§≈≈≈≈≈≈≈≈≈
§§≈≈§≈.≈......§§......§§.§≈§§§§§§
≈≈≈≈§≈≈.########'########.≈§§§§≈≈
≈≈≈≈§§≈§# #.# #.§≈§≈§§≈ §≈§≈≈≈§§#
#.# #§.≈≈§≈≈§ §≈≈§§≈§.# #.#
#.≈≈≈≈≈§≈ §≈≈≈§§§.# #.# #..§≈≈§§§
§≈§§§≈§§######.#.#.######.§≈≈≈≈≈≈
§§≈§§§§.#......#@#......#..≈≈≈§≈≈
≈≈≈§§§..###++###k# #++###.§≈≈≈≈≈≈
≈≈§§§§≈.#


bDb #.≈§≈≈§≈§ §≈§§≈§§.# .8b8. #§≈≈≈≈≈≈§ ≈§≈≈≈≈≈.# +.....+ #.≈≈§§§§≈
≈≈≈≈≈≈≈.#################§≈§≈≈§§§ §≈§≈≈≈≈.........§.......§§.≈≈§≈≈≈
§≈≈≈≈≈§≈≈≈§§§≈≈≈≈.§§≈≈≈§.§§..≈§§≈ §≈≈≈≈≈≈§§§§§≈≈≈≈§≈≈≈§§≈§§§§≈§.§§≈ You could
see a lindwurm, a mottled dragon and 3 fire bats.

Vanquished Creatures
  Erolcha (D:8)
  A cyclops (D:6)
  A komodo dragon (D:9)
  A troll (D:6)
  5 blink frogs (Lair:1)
  Sigmund (D:6)
  A wraith (D:6)
  A human (D:7)
  A hippogriff (D:8)
  5 fire bats (Volcano)
  A wyvern (D:8)
  Menkaure (D:6)
  A hungry ghost (D:9)
  A hog (D:7)
  2 porcupines (Lair:1)
  A black bear (Lair:1)
  2 sky beasts
  2 phantoms
  6 ogres
  2 centaurs
  3 ice beasts
  A crocodile (D:9)
  9 giant frogs
  Blork the orc (D:4)
  A wyvern skeleton (D:8)
  A scorpion (D:7)
  3 wights (D:6)
  11 killer bees
  3 crimson imps
  4 lava snakes (Volcano)
  A quasit (D:6)
  A giant frog zombie (D:8)
  7 hounds
  A centaur zombie (D:8)
  A centaur skeleton (D:7)
  2 jellies
  8 orc wizards
  Crazy Yiuf (D:7)
  4 orc priests
  3 giant frog skeletons
  Terence (D:3)
  3 iguanas
  9 worker ants
  4 sheep
  2 worker ant zombies (D:7)
  4 gnolls (D:9)
  7 river rats (Lair:1)
  13 adders
  2 shadow imps
  2 oozes
  5 worms
  37 orcs
  4 giant cockroaches
  7 goblins
  7 hobgoblins
  9 jackals
  2 quokkas
  2 ball pythons (D:2)
  7 bats
  6 giant geckos
  2 giant gecko skeletons
  6 giant newts
  2 kobolds (D:2)
  A quokka zombie (D:6)
  5 rats
252 creatures vanquished.

Vanquished Creatures (others)
  4 fungi (D:6)
4 creatures vanquished.

Grand Total: 256 creatures vanquished

Notes
Turn   | Place    | Note
--------------------------------------------------------------
     0 | D:1      | Holeefuk the Hill Orc Fighter began the quest for the Orb.
     0 | D:1      | Reached XP level 1. HP: 19/19 MP: 1/1
   237 | D:1      | Reached XP level 2. HP: 20/26 MP: 2/2
   662 | D:2      | Reached skill level 4 in Axes
   721 | D:2      | Reached XP level 3. HP: 19/31 MP: 3/3
   864 | D:2      | Reached skill level 5 in Axes
  1099 | D:2      | Reached XP level 4. HP: 31/39 MP: 4/4
  1364 | D:3      | Reached skill level 6 in Axes
  1721 | D:3      | Noticed Terence
  1743 | D:3      | Killed Terence
  1743 | D:3      | Reached skill level 1 in Dodging
  1743 | D:3      | Reached XP level 5. HP: 32/45 MP: 5/5
  1930 | D:3      | Found an ancient bone altar of Kikubaaqudgha.
  1930 | D:3      | Found a white marble altar of Elyvilon.
  2132 | D:4      | Noticed Blork the orc
  2163 | D:4      | Killed Blork the orc
  2230 | D:4      | Noticed a phantom
  2265 | D:4      | Reached XP level 6. HP: 45/51 MP: 6/6
  2304 | D:4      | Killed a phantom
  2304 | D:4      | Reached skill level 7 in Axes
  2340 | D:4      | Found a glowing golden altar of the Shining One.
  2352 | D:4      | Became a worshipper of the Shining One
  2353 | D:4      | Noticed an ogre
  2358 | D:4      | Killed an ogre
  2358 | D:4      | Reached skill level 8 in Axes
  2507 | D:4      | Reached XP level 7. HP: 57/57 MP: 7/7
  2625 | D:4      | Found a deep blue altar of Sif Muna.
  2628 | D:4      | Noticed an ogre
  2636 | D:4      | Killed an ogre
  2636 | D:4      | Reached skill level 9 in Axes
  2895 | D:5      | Entered Level 5 of the Dungeon
  2946 | D:5      | Reached skill level 10 in Axes
  3267 | D:5      | Reached XP level 8. HP: 60/64 MP: 8/8
  3589 | D:5      | Reached skill level 5 in Dodging
  3861 | D:6      | Found a staircase to the Ecumenical Temple.
  4173 | D:6      | Reached skill level 5 in Fighting
  4174 | D:6      | Reached XP level 9. HP: 40/78 MP: 9/9
  4189 | D:6      | Noticed a cyclops
  4189 | D:6      | Reached * piety under the Shining One
  4273 | D:6      | Noticed a troll
  4286 | D:6      | Killed a troll
  4334 | D:6      | Found a shattered altar of Ashenzari.
  4480 | D:6      | Killed a cyclops
  4533 | D:6      | Noticed Menkaure
  4541 | D:6      | Killed Menkaure
  4583 | D:6      | Noticed Sigmund
  4592 | D:6      | Killed Sigmund
  4812 | D:7      | Found Cioruyqa's Magic Scroll Boutique.
  4820 | D:7      | Bought a scroll of identify for 28 gold pieces
  4820 | D:7      | Bought a scroll of identify for 28 gold pieces
  4820 | D:7      | Bought a scroll of identify for 28 gold pieces
  4820 | D:7      | Bought a scroll of identify for 28 gold pieces
  4820 | D:7      | Bought a scroll of remove curse for 42 gold pieces
  4820 | D:7      | Bought a scroll of identify for 28 gold pieces
  4820 | D:7      | Bought a scroll of identify for 28 gold pieces
  4820 | D:7      | Bought 2 scrolls of identify for 56 gold pieces
  4861 | D:7      | Reached skill level 5 in Armour
  4902 | D:7      | Noticed Crazy Yiuf
  4906 | D:7      | Killed Crazy Yiuf
  4976 | D:7      | Reached XP level 10. HP: 82/93 MP: 10/10
  5036 | D:7      | Reached ** piety under the Shining One
  5330 | D:7      | Found Herph's Antique Weapon Emporium.
  5335 | D:7      | Bought a runed war axe for 91 gold pieces
  5632 | D:8      | Noticed Erolcha
  5675 | D:8      | Killed Erolcha
  5912 | D:8      | Found a snail-covered altar of Cheibriados.
  6161 | D:8      | Reached skill level 10 in Armour
  6181 | D:8      | Gained mutation: You are frail (-10% HP). [mutagenic meat]
  6182 | D:8      | Gained mutation: You are clumsy. (Dex -2) [mutagenic meat]
  6183 | D:8      | Gained mutation: You have large cloven feet. [mutagenic meat]
  6184 | D:8      | Gained mutation: You are partially covered in rugged brown scales (AC +1, +3% HP). [mutagenic meat]
  6356 | D:9      | Found a stormy altar of Qazlal.
  6447 | D:9      | Found a staircase to the Lair.
  6469 | D:9      | Found a glowing silver altar of Zin.
  6503 | D:9      | Found Qaedut's Food Emporium.
  6503 | D:9      | Reached *** piety under the Shining One
  6535 | D:9      | Found Egosh's Antique Armour Shop.
  6588 | D:9      | Found a shimmering altar of Xom.
  6667 | D:9      | Found an opulent altar of Gozag.
  6810 | D:9      | Found Umouq's Armour Boutique.
  7164 | D:10     | Entered Level 10 of the Dungeon
  7178 | D:9      | Reached XP level 11. HP: 79/92 MP: 11/11
  7364 | D:10     | Noticed a hill giant
  7446 | Lair:1   | Entered Level 1 of the Lair of Beasts
  7890 | Lair:1   | Found a dark tunnel.
  7898 | Volcano  | Entered a volcano
  7952 | Volcano  | Reached skill level 11 in Armour
  8147 | Volcano  | Found a radiant altar of Vehumet.
  8147 | Volcano  | Noticed a lindwurm
  8192 | Volcano  | Killed from afar by a lindwurm

Action                   |  1- 3 |  4- 6 |  7- 9 | 10-12 || total
-------------------------+-------+-------+-------+-------++-------
Melee: War axe           |    94 |   157 |   347 |   461 ||  1059
Invok: Divine Shield     |       |       |       |     3 ||     3
  Use: Potion            |       |       |     2 |     7 ||     9
       Scroll            |       |       |     1 |     9 ||    10
  Eat: Chunk             |       |     5 |     9 |    10 ||    24
       Fruit             |       |       |     2 |     1 ||     3
       Meat ration       |       |       |       |     2 ||     2
       Pizza             |       |       |       |     1 ||     1
       Beef jerky        |       |       |       |     1 ||     1
